 Dungeon Crawl Stone Soup version 0.28.0-47-ge53b351184 (webtiles) character file.

Game seed: 4598939561107928327

317 pkoi the Conjurer (level 6, -5/45 HPs)
             Began as a Demigod Conjurer on May 6, 2022.
             Slain by a hornet (6 damage)
             ... while paralysed by a hornet
             ... on level 5 of the Dungeon.
             The game lasted 00:06:58 (4818 turns).

pkoi the Conjurer (Demigod Conjurer)                Turns: 4818, Time: 00:06:59

Health: -5/45      AC:  4    Str:  8    XL:     6   Next: 0%
Magic:  3/11       EV:  2    Int: 28    God:
Gold:   101        SH:  0    Dex: 12    Spells: 1/8 levels left

rFire   . . .      SeeInvis .   x - +2 dagger (venom)
rCold   . . .      Faith    .   (no shield)
rNeg    + . .      Spirit   .   i - +1 leather armour "Ryadd" {Slay+2}
rPois   .          Reflect  .   (no helmet)
rElec   .          Harm     .   (no cloak)
rCorr   .          Rampage  .   (no gloves)
Will    .....                   (no boots)
Stlth   ++........              f - amulet of regeneration
HPRegen 0.95/turn               b - ring of positive energy
MPRegen 0.12/turn               q - ring of flight

@: paralysed, lethally poisoned (-5 -> -14), flying
A: high MP 1, forlorn, divine attributes
a: no special abilities


You were on level 5 of the Dungeon.
You visited 1 branch of the dungeon, and saw 5 of its levels.

You collected 234 gold pieces.
You spent 133 gold pieces at shops.

Inventory:

Hand Weapons
 d - a +0 short sword
 k - a +3 dagger of electrocution
 x - a +2 dagger of venom (weapon)
Armour
 a - a +0 robe
 i - the +1 leather armour "Ryadd" (worn) {Slay+2}
   (You found it on level 2 of the Dungeon)

   Slay:      It affects your accuracy & damage with ranged weapons and melee
   (+2).
Jewellery
 b - a ring of positive energy (left hand)
 f - an amulet of regeneration (around neck)
 j - an amulet of the acrobat
 q - a ring of flight (right hand)
Wands
 n - a wand of polymorph (8)
 p - a wand of acid (9)
 t - a wand of charming (7)
Scrolls
 c - a scroll of immolation
 m - 2 scrolls of blinking
 r - a scroll of teleportation
 u - a scroll of identify
 w - a scroll of noise {unknown}
Potions
 e - a potion of flight {unknown}
 g - a potion of curing
 h - a potion of haste {unknown}
 l - a potion of lignification
 o - a potion of resistance
 s - a potion of attraction {unknown}
 v - a potion of might {unknown}
 z - a potion of mutation {unknown}


   Skills:
 + Level 0.0 Fighting
 + Level 2.5 Armour
 - Level 1.7 Dodging
 - Level 1.7 Stealth
 + Level 1.7 Spellcasting
 * Level 6.2 Conjurations
 + Level 0.0 Translocations


You had one spell level left.
You knew the following spells:

 Your Spells              Type           Power      Damage    Failure   Level
a - Magic Dart            Conj           100%       1d8       1%          1
b - Searing Ray           Conj           74%        2d7       1%          2
c - Iskenderun's Mystic   Conj/Tloc      20%        2d6       36%         4

Your spell library contained the following spells:

 Spells                   Type           Power      Damage    Failure   Level
 Dazzling Flash           Conj/Hex       40%        N/A       11%         3
 Fulminant Prism          Conj/Hex       10%        3d9       36%         4


Dungeon Overview and Level Annotations

Branches:
Dungeon (5/15)
 Temple: D:4-7

Shops:
D:1 =   D:3 *[[?(


Innate Abilities, Weirdness & Mutations

You have an increased reservoir of magic. (+10% MP)
You shall have no god before yourself.
Your divine heritage dramatically boosts your attributes as you level up.


Message History

Confirm with . or Enter, or press ? or * to list all spells.
Okay, then.
Unknown command.
Casting: Magic Dart (safe; 1% risk of failure)
Confirm with . or Enter, or press ? or * to list all spells.
Aiming: Searing Ray (safe; 1% risk of failure)
Press: ? - help, Shift-Dir - straight line, f - hornet
Aim: a hornet (71% to hit)
The searing ray hits the hornet but does no damage. (Press . to maintain the ray.)
The hornet stings you but does no damage.
The hornet stings you!
You feel yourself slow down.
The searing ray misses the hornet.
You feel yourself speed up. The hornet stings you.
You are poisoned.
You feel yourself slow down. The hornet stings you.
* * * LOW HITPOINT WARNING * * *
You suddenly lose the ability to move!
You can move again.
You feel yourself speed up.
You feel very sick. The hornet stings you.
* * * LOW HITPOINT WARNING * * *
You shrug off the repeated paralysis!
The hornet stings you!
* * * LOW HITPOINT WARNING * * *
You feel yourself slow down.
Aiming: Corrosive Bolt
Press: ? - help, Shift-Dir - straight line, f/p - hornet
Aim: a hornet (57% to hit)
The bolt of acid misses the hornet.
You feel yourself speed up.
You feel very sick. The hornet stings you!
* * * LOW HITPOINT WARNING * * *
You are lethally poisoned!
You suddenly lose the ability to move!
The hornet stings you!
* * * LOW HITPOINT WARNING * * *
You shrug off the repeated paralysis!
The hornet stings you.
You die...

#### ... #####y#
##...@.##.
.##.###.........#
.......<.###..#....
.....##### #.....(
.... #..... .##
..... #.## .#


You could see a hornet.

Vanquished Creatures
  An ogre (D:4)
  2 hounds
  An orc priest (D:4)
  A centaur skeleton (D:4)
  3 adders
  An adder skeleton (D:3)
  A worm (D:3)
  A dart slug (D:1)
  4 orcs
  5 ball pythons
  A bat zombie (D:4)
  6 endoplasms
  2 giant cockroaches
  5 goblins
  9 hobgoblins
  11 jackals
  3 quokkas
  2 bats
  2 frilled lizards
  10 kobolds
  7 rats
  A rat zombie (D:4)
79 creatures vanquished.

Notes
Turn   | Place    | Note
-------+----------+-------------------------------------------
     0 | D:1      | pkoi the Demigod Conjurer began the quest for the Orb.
     0 | D:1      | Reached XP level 1. HP: 14/14 MP: 5/5
     0 | D:1      | Noticed a shadow dragon
     0 | D:1      | Noticed a white draconian
     1 | D:1      | Noticed an ice dragon
     2 | D:1      | Noticed a black draconian
     4 | D:1      | Noticed an iron dragon
     9 | D:1      | Noticed an iron dragon
    11 | D:1      | Noticed an orb of fire
    13 | D:1      | Noticed a tentacled monstrosity
    15 | D:1      | Noticed an ice dragon
    17 | D:1      | Noticed an ice dragon
    17 | D:1      | Noticed an ice dragon
    17 | D:1      | Noticed a large abomination
    19 | D:1      | Noticed a white draconian
    21 | D:1      | Noticed an ice dragon
   329 | D:1      | Reached skill level 4 in Conjurations
   423 | D:1      | Reached XP level 2. HP: 8/20 MP: 0/7
  1174 | D:1      | Found Gabeivur's One-of-a-Kind Rings.
  1266 | D:2      | Reached XP level 3. HP: 16/26 MP: 0/8
  1536 | D:2      | Learned a level 2 spell: Searing Ray
  1811 | D:2      | Identified the +1 leather armour "Ryadd" {Slay+2}
  2381 | D:3      | Found Xacef's Antique Armour Shop.
  2387 | D:3      | Reached skill level 5 in Conjurations
  2580 | D:3      | Found Nofig's Magic Scroll Shoppe.
  2581 | D:3      | Found Kuocugu Adou's Weapon Emporium.
  2848 | D:3      | Found Atomeita's Antique Armour Emporium.
  2852 | D:3      | Bought a scroll of blinking for 97 gold pieces
  3105 | D:3      | Reached XP level 4. HP: 33/33 MP: 4/9
  3495 | D:3      | Reached skill level 1 in Armour
  3561 | D:3      | Found Eghulug's General Store.
  3572 | D:3      | Bought a scroll of teleportation for 36 gold pieces
  3919 | D:4      | Noticed an ogre
  3920 | D:4      | Reached XP level 5. HP: 38/38 MP: 3/10
  4324 | D:4      | Killed an ogre
  4325 | D:4      | Reached skill level 6 in Conjurations
  4714 | D:4      | Learned a level 4 spell: Iskenderun's Mystic Blast
  4804 | D:5      | Entered Level 5 of the Dungeon
  4813 | D:5      | Noticed a hornet
  4815 | D:5      | Reached XP level 6. HP: 45/45 MP: 5/11
  4816 | D:5      | Paralysed by a hornet for 1 turns
  4818 | D:5      | Paralysed by a hornet for 1 turns
  4818 | D:5      | HP: 1/45 [hornet (8)]
  4818 | D:5      | Slain by a hornet

Illustrated notes

Levels and vault maps discovered:
D:1:      shiori_arrival_whats_in_store_for_you, layout_loops_ring,
          amcnicky_mini_rare_corridor_liquid, nicolae_shop_unique_rings,
          minmay_pentomino_v2
D:2:      layout_rooms, hangedman_abyss_or_decor_stabs, kennysheep_another_room
D:3:      layout_basic, mainiacjoe_overflow_catwalk_spiral, serial_shops, shop,
          shop, shop, nicolae_shop_crystal, nicolae_shop_statue_plus,
          st_stairs_10, kennysheep_generic_room_12
D:4:      layout_rooms, lemuel_zombie_altar_kikubaaqudgha,
          chequers_serial_rivers_micro_c
D:5:      layout_rooms, serial_shops, nicolae_shop_overgrown_old_shop,
          eino_small_chamber_without_monster

Skill      XL: |  1  2  3  4  5 |
---------------+----------------+-----
Conjurations   | 4 5 6 |  6.2
Armour         | 1 2 |  2.5
Dodging        | |  1.7
Stealth        | |  1.7
Spellcasting   | |  1.7

Action                   |  1- 3 |  4- 6 || total
-------------------------+-------+-------++-------
Melee: Unarmed           |     7 |       ||     7
       Short sword       |     1 |       ||     1
 Cast: Magic Dart        |   107 |    54 ||   161
       Searing Ray       |     1 |     3 ||     4
Evoke: Wand              |       |     1 ||     1
  Use: Scroll            |     5 |     2 ||     7
Armor: Robe              |     2 |       ||     2
       Leather armour    |     6 |     8 ||    14
Dodge: Dodged            |    15 |     6 ||    21
